 Dungeon Crawl Stone Soup version 0.25-a0-513-ge77a69270c (webtiles) character file.

Game seed: 9944351905272614613, levelgen mode: deterministic

90273 Kohma the Carver (level 15, -4/126 HPs)
             Began as a Yellow Draconian Ice Elementalist on Feb 16, 2020.
             Was the Champion of Kikubaaqudgha.
             Slain by a dire elephant (9 damage)
             ... on level 15 of the Dungeon.
             The game lasted 02:06:35 (29821 turns).

Kohma the Carver (DrIE)                            Turns: 29821, Time: 02:06:36

Health: -4/126     AC: 13    Str: 15    XL:     15   Next: 51%
Magic:  21/27      EV: 19    Int: 20    God:    Kikubaaqudgha [******]
Gold:   985        SH:  8    Dex: 13    Spells: 3/30 levels left

rFire    . . .     SeeInvis +   a - +3 scimitar "Haddiod" {pain, +Rage rN+ MR- Dex+2}
rCold    . . .     Gourm    .   M - +0 buckler
rNeg     + . .     Faith    .   (armour unavailable)
rPois    .         Spirit   .   (helmet restricted)
rElec    .         Reflect  +   K - +2 cloak {+Inv}
rCorr    +         Harm     .   E - +0 pair of gloves of Uskayaw's Hope {Str+2 SInv} (curse)
MR       .....                  (no boots)
Stlth    ++........             S - +2 amulet of reflection
HPRegen  0.31/turn              D - +3 ring of evasion
MPRegen  0.20/turn              c - ring of wizardry

@: frozen ramparts
A: spit acid, unfitting armour, acidic bite, cold-blooded, acid resistance, AC
+9
a: Breathe Acid, Receive Corpses, Torment, Brand Weapon With Pain, Receive
Necronomicon, Renounce Religion, Evoke Berserk Rage, Evoke Invisibility


You were on level 15 of the Dungeon.
You worshipped Kikubaaqudgha.
Kikubaaqudgha was exalted by your worship.
You were very hungry.

You visited 4 branches of the dungeon, and saw 24 of its levels.

You collected 2616 gold pieces.
You spent 1631 gold pieces at shops.

Inventory:

Hand Weapons
 a - the +3 scimitar "Haddiod" (weapon) {pain, +Rage rN+ MR- Dex+2}
   (You bought it in a shop on level 2 of the Orcish Mines)

   In the hands of one skilled in necromantic magic, it inflicts extra damage on
   living creatures.
   It affects your dexterity (+2).
   It protects you from negative energy.
   It affects your resistance to hostile enchantments.
   It lets you go berserk.
 b - the +1 scimitar of Infection {flame, rPois Int+2}
   (You bought it in a shop on level 2 of the Orcish Mines)

   It has been specially enchanted to burn those struck by it, causing extra
   injury to most foes and up to half again as much damage against particularly
   susceptible opponents.
   Big, fiery blades are also staple armaments of hydra-hunters.
   It affects your intelligence (+2).
   It protects you from poison.
 I - a +1 scimitar of electrocution
Missiles
 P - 2 throwing nets (quivered)
 U - 8 curare-tipped darts
Armour
 q - a scarf of cloud immunity
 E - the cursed +0 pair of gloves of Uskayaw's Hope (worn) {Str+2 SInv}
   (You bought it in a shop on level 12 of the Dungeon)

   It affects your strength (+2).
   It lets you see invisible.
   If you remove this armour, your AC will decrease by 1 (13 -> 12).
   It has a curse placed upon it.
 K - a +2 cloak of invisibility (worn)
 M - a +0 buckler (worn)
 Y - a +0 kite shield
Jewellery
 c - a ring of wizardry (right hand)
 w - an uncursed ring of protection from cold
 y - an uncursed ring of positive energy
 D - a +3 ring of evasion (left hand)
 S - a +2 amulet of reflection (around neck)
Wands
 o - a wand of polymorph (23)
 B - a wand of acid (8)
 F - a wand of flame (28)
 H - a wand of digging (4)
 J - a wand of iceblast (23)
 L - a wand of enslavement (5)
 N - a wand of scattershot (3)
 T - a wand of disintegration (8)
Scrolls
 d - 4 scrolls of enchant armour
 e - 4 scrolls of amnesia
 f - 3 scrolls of blinking
 h - 6 scrolls of enchant weapon
 m - 7 scrolls of remove curse
 t - 9 scrolls of teleportation
 C - 7 scrolls of immolation
 G - 10 scrolls of fog
 O - 2 scrolls of fear
 R - a scroll of vulnerability
 W - 2 scrolls of magic mapping
Potions
 g - 4 potions of brilliance
 i - 5 potions of might
 j - 2 potions of resistance
 l - 4 potions of haste
 n - 2 potions of magic
 p - a potion of invisibility
 r - 7 potions of lignification
 s - 4 potions of heal wounds
 u - a potion of cancellation
 v - 2 potions of agility
 x - 5 potions of mutation
 z - 9 potions of curing
 Q - 9 potions of flight
 V - a potion of ambrosia
Miscellaneous
 X - a phantom mirror
 Z - a tremorstone
Comestibles
 k - 35 rations


   Skills:
 + Level 10.0 Fighting
 - Level 14.0 Long Blades
 - Level 8.0 Dodging
 - Level 1.7 Stealth
 * Level 9.0 Shields
 - Level 8.0 Spellcasting
   Level 1.0 Charms
 - Level 3.1 Summonings
 * Level 12.9 Necromancy
 - Level 3.0 Translocations
 - Level 11.0 Ice Magic


You had 3 spell levels left.
You knew the following spells:

 Your Spells              Type           Power        Failure   Level  Hunger
a - Agony                 Necr           ######..     1%          5    #####..
b - Frozen Ramparts       Ice            ######       1%          3    None
c - Simulacrum            Ice/Necr       ######....   4%          6    ######.
d - Summon Ice Beast      Ice/Summ       #####...     1%          4    ###....
e - Vampiric Draining     Necr           ######....   1%          3    None
f - Dispel Undead         Necr           ######..     1%          4    ###....
g - Blink                 Tloc           N/A          1%          2    None

Your spell library contained the following spells:

 Spells                   Type           Power        Failure   Level  Hunger
 Animate Skeleton         Necr           N/A          1%          1    None
 Freeze                   Ice            ####         1%          1    None
 Pain                     Necr           ####         1%          1    None
 Summon Butterflies       Summ           ###.....     1%          1    None
 Call Imp                 Summ           ###.....     1%          2    None
 Sublimation of Blood     Necr           ######....   1%          2    None
 Ozocubu's Armour         Chrm/Ice       ####....     1%          3    None
 Call Canine Familiar     Summ           ###.....     2%          3    None
 Magic Dart               Conj           #...         3%          1    None
 Searing Ray              Conj           #.....       5%          2    None
 Slow                     Hex            #.......     5%          2    None
 Conjure Flame            Conj/Fire      #.......     11%         3    None
 Dazzling Flash           Conj/Hex       #.....       11%         3    None
 Mephitic Cloud           Conj/Pois/Air  #.......     11%         3    None
 Animate Dead             Necr           N/A          1%          4    ###....
 Hailstorm                Conj/Ice       ####....     3%          4    ###....
 Excruciating Wounds      Chrm/Necr      #####.....   6%          5    #####..
 Iskenderun's Mystic Bla  Conj/Tloc      ##......     17%         4    ###....
 Fulminant Prism          Conj/Hex       #.........   32%         4    ###....
 Summon Mana Viper        Hex/Summ       ##......     43%         5    #####..
 Summon Hydra             Summ           ###.......   99%         7    #######


Dungeon Overview and Level Annotations

Branches:
Dungeon (15/15)            Temple (1/1) D:7            Lair (6/6) D:9
 Shoals (0/4) Lair:2        Snake (0/4) Lair:4        Slime (0/5) Lair:6
    Orc (2/2) D:10            Elf (0/3) Orc:2        Vaults (0/5) D:14
 Depths (0/5) D:15

Altars:
Ashenzari
Cheibriados
Dithmenos
Elyvilon
Fedhas
Gozag
Hepliaklqana
Kikubaaqudgha
Makhleb
Nemelex Xobeh
Okawaru
Qazlal
Ru
Sif Muna
Trog
Uskayaw
Vehumet
Wu Jian
Xom
Yredelemnul
Zin
The Shining One
Beogh

Shops:
D:8 }   D:12 (}[}   Orc:2 ([:*

Annotations:
D:4 1 runed translucent door, abdbla's ghost, novice GrFi
D:5 exclusion: statue
D:8 1 runed translucent door, exclusion: door, ICC's ghost, novice VSFi
D:10 3 runed translucent doors, exclusion: 3 doors, Gall2222's ghost, novice KoEE


Innate Abilities, Weirdness & Mutations

You can spit globs of acid.
Your golden yellow scales are hard. (AC +9)
You cannot fit into any form of body armour.
You have acidic saliva.
You are cold-blooded and may be slowed by cold attacks.
You are resistant to acid. (rCorr)


Message History

You hit the dire elephant but do no damage.
The dire elephant writhes in agony.
The dire elephant is heavily wounded.
The walls release a blast of icicles at the dire elephant!
The dire elephant tramples you!
* * * LOW HITPOINT WARNING * * *
You hold your ground!
The dire elephant trunk-slaps you.
* * * LOW HITPOINT WARNING * * *
Casting: Frozen Ramparts (safe; 1% risk of failure)
Confirm with . or Enter, or press ? or * to list all spells.
A chill wind blows around you.
The walls release a blast of icicles at the large slime creature!
The large slime creature is encased in ice.
A large slime creature splits.
The walls release a blast of icicles at the dire elephant!
The dire elephant tramples you!!
* * * LOW HITPOINT WARNING * * *
You hold your ground!
The dire elephant trunk-slaps you!
You die...
Kikubaaqudgha rasps: "You have failed me!
Welcome... death!"

....##.....###................+
....##.....# #............(...###
....##.....###...................
....##..................#+#'#####
........................#.#'##...
.................##..........#...
.................######......#...
...........#..Y##### ##..........
..........#.≈..@≈.#..#..........
.......##...#.YJ...#..(.......
...... ##.####J####...#'#...#
..... #.. ..# ##......... #≈.
.≈.# ###......... #. J...#
#.'......... ##.####>
#.#......... .. # #.'......... #.
###.........


You could see a dire elephant, 2 slime creatures and a friendly ice beast.

Vanquished Creatures
  An ironheart preserver (D:14)
  A stone giant (Orc:2)
  Azrael (D:14)
  Harold (D:11)
  2 catoblepae
  6 hydras
  8 two-headed ogres
  4 centaur warriors
  A tengu warrior (D:13)
  An ogre mage (D:15)
  An orc high priest (Orc:2)
  4 death yaks (Lair:6)
  Sonja (Lair:5)
  4 skeletal warriors (D:10)
  An unseen horror (D:13)
  Pikel (D:8)
  A lindwurm (Lair:6)
  4 orc knights
  2 oklob plants (Lair:6)
  A wolf spider (D:15)
  3 orc sorcerers
  4 cyclopes
  6 ugly things
  5 manticores
  Maurice (D:8)
  A deep elf mage (D:14)
  An elephant (Lair:6)
  A black mamba (shapeshifter) (D:14)
  A guardian serpent (shapeshifter) (D:15)
  3 centaur zombies
  4 black mambas
  2 gargoyles
  8 spiny frogs
  4 rime drakes
  A komodo dragon (shapeshifter) (D:15)
  An efreet (D:13)
  7 komodo dragons
  A merfolk (D:15)
  2 jumping spiders (shapeshifter)
  12 trolls
  20 blink frogs
  A queen bee (Lair:1)
  A harpy skeleton (D:15)
  3 slime creatures (D:12)
  6 dream sheep
  7 hippogriffs
  A meliai zombie (D:14)
  A spriggan (Lair:5)
  A fire elemental (D:14)
  A shadow (D:14)
  A human (D:7)
  4 wyverns
  36 yaks
  2 wraiths
  6 hungry ghosts
  4 basilisks
  3 hogs (D:7)
  6 water moccasins
  11 porcupines
  3 hell hounds (D:14)
  23 orc warriors
  5 sky beasts
  2 slaves (D:8)
  4 black bears
  An eye of draining (D:7)
  2 necrophages
  5 ice beasts
  2 phantoms
  12 ogres
  18 wolves
  9 centaurs
  8 crocodiles
  A big kobold (D:14)
  19 bullfrogs
  A wyvern skeleton (D:7)
  A water moccasin skeleton (D:9)
  7 scorpions
  24 killer bees
  9 howler monkeys
  An electric eel (Lair:5)
  10 crimson imps
  2 bullfrog zombies
  A quasit (D:6)
  5 hounds
  4 jellies
  7 orc priests
  14 orc wizards
  5 bullfrog skeletons
  6 centaur skeletons
  A gnoll shaman (D:6)
  8 iguanas
  Natasha (thrice) (D:2)
  8 worker ants
  2 killer bee zombies (D:7)
  A hound zombie (D:9)
  A worker ant zombie (D:11)
  6 gnolls (D:6)
  6 adders
  A shadow imp (D:15)
  An ooze (D:1)
  2 adder skeletons
  3 worms
  2 dart slugs (D:2)
  6 leopard geckos
  44 orcs
  4 giant cockroaches
  9 hobgoblins
  13 jackals
  13 kobolds
  9 quokkas
  3 ball pythons
  12 bats
  6 frilled lizards
  10 goblins
  A jackal zombie (D:6)
  13 rats
  A spectral orc (D:5)
  3 plants (Lair:6)
632 creatures vanquished.

Vanquished Creatures (collateral kills)
  Jorgrun (Orc:2)
  An orc warlord (Orc:1)
  4 hydras
  2 catoblepae (Lair:6)
  2 tengu warriors
  2 death yaks (Lair:6)
  A death knight (D:14)
  2 ugly things
  3 orc sorcerers
  An oklob plant (Lair:6)
  2 elephants (Lair:6)
  A komodo dragon (Lair:6)
  A troll (D:15)
  2 polar bears
  A blink frog (Lair:6)
  A hippogriff (Lair:3)
  A dream sheep (Lair:6)
  4 yaks (Lair:6)
  A basilisk (D:14)
  Grum (D:11)
  A warg (Orc:2)
  A hell hound (D:14)
  2 orc warriors (Orc:2)
  A black bear (D:8)
  2 orc priests (Orc:2)
  An orc wizard (D:8)
  An orc (Orc:2)
  A fungus (Lair:5)
44 creatures vanquished.

Vanquished Creatures (others)
  Snorg (Lair:6)
  A cyclops (D:12)
  2 dream sheep (Lair:6)
  An orc warrior (Orc:2)
  A slave (D:8)
  A bush (Lair:6)
  40 fungi
  12 plants
59 creatures vanquished.

Grand Total: 735 creatures vanquished

Notes
Turn   | Place    | Note
-------+----------+-------------------------------------------
     0 | D:1      | Kohma the Draconian Ice Elementalist began the quest for
                  | the Orb.
     0 | D:1      | Reached XP level 1. HP: 14/14 MP: 3/3
     0 | D:1      | Noticed a draconian
     0 | D:1      | Noticed an ogre
     0 | D:1      | Noticed a centaur
     1 | D:1      | Noticed a vampire
     3 | D:1      | Noticed an ogre
     3 | D:1      | Noticed a felid
     7 | D:1      | Noticed a draconian
    10 | D:1      | Noticed a minotaur
    10 | D:1      | Noticed an octopode
    12 | D:1      | Noticed a naga
    12 | D:1      | Noticed a formicid
    13 | D:1      | Noticed a felid
    14 | D:1      | Noticed a felid
    16 | D:1      | Noticed a gargoyle
    16 | D:1      | Noticed a spriggan
    16 | D:1      | Noticed a gargoyle
   184 | D:1      | Reached XP level 2. HP: 20/20 MP: 1/5
   653 | D:1      | Reached XP level 3. HP: 25/26 MP: 6/6
   658 | D:1      | Learned a level 3 spell: Frozen Ramparts
   713 | D:1      | Learned a level 3 spell: Ozocubu's Armour
  1139 | D:2      | Noticed Natasha
  1147 | D:2      | Killed Natasha
  1155 | D:2      | Noticed Natasha
  1178 | D:2      | Killed Natasha
  1178 | D:2      | Reached XP level 4. HP: 11/33 MP: 0/8
  1377 | D:2      | Found a bloodstained altar of Trog.
  1405 | D:2      | Found a blossoming altar of Fedhas.
  1726 | D:2      | Reached skill level 5 in Ice Magic
  1819 | D:2      | Noticed Natasha
  1830 | D:2      | Killed Natasha
  1830 | D:2      | Reached XP level 5. HP: 38/38 MP: 4/10
  2084 | D:3      | Noticed a sky beast
  2104 | D:3      | Killed a sky beast
  2279 | D:3      | Found a sparkling altar of Nemelex Xobeh.
  2425 | D:3      | Found a hazy altar of Hepliaklqana.
  2717 | D:4      | Reached XP level 6. HP: 45/45 MP: 11/11
  2919 | D:4      | Your scales start taking on a golden yellow colour.
  2919 | D:4      | Reached XP level 7. HP: 43/50 MP: 13/13
  2919 | D:4      | Gained mutation: You are resistant to acid. (rCorr) [Yellow
                  | Draconian growth]
  3098 | D:4      | Found a white marble altar of Elyvilon.
  3153 | D:4      | Reached skill level 1 in Long Blades
  3203 | D:4      | Reached skill level 1 in Fighting
  3308 | D:4      | Reached skill level 2 in Long Blades
  3469 | D:4      | Reached XP level 8. HP: 53/61 MP: 14/14
  3630 | D:4      | Found a runed translucent door.
  3633 | D:4      | Noticed abdbla's ghost (novice GrFi)
  3694 | D:5      | Entered Level 5 of the Dungeon
  3717 | D:5      | Reached skill level 3 in Long Blades
  3923 | D:5      | Found a radiant altar of Vehumet.
  4253 | D:5      | Found a basalt altar of Yredelemnul.
  4414 | D:5      | Reached skill level 4 in Long Blades
  4702 | D:6      | Reached skill level 5 in Long Blades
  4728 | D:6      | Reached skill level 6 in Long Blades
  5044 | D:6      | Found a shimmering blue altar of Sif Muna.
  5044 | D:6      | Found a shadowy altar of Dithmenos.
  5329 | D:7      | Reached skill level 5 in Fighting
  5329 | D:7      | Reached XP level 9. HP: 73/74 MP: 15/15
  5333 | D:7      | Reached skill level 7 in Long Blades
  5375 | D:7      | Found a staircase to the Ecumenical Temple.
  5389 | Temple   | Entered the Ecumenical Temple
  5422 | Temple   | Became a worshipper of Kikubaaqudgha
  5624 | D:7      | Learned a level 4 spell: Summon Ice Beast
  5745 | D:7      | Reached skill level 8 in Long Blades
  5806 | D:7      | Reached skill level 1 in Charms
  5806 | D:7      | Reached skill level 1 in Summonings
  5806 | D:7      | Reached skill level 1 in Necromancy
  5817 | D:7      | Found a shadowy altar of Dithmenos.
  6401 | D:8      | Reached skill level 9 in Long Blades
  6441 | D:8      | Noticed Pikel
  6450 | D:8      | Reached * piety under Kikubaaqudgha
  6450 | D:8      | Identified Kikubaaqudgha's Volume of Dark Arts
                  | (Kikubaaqudgha gifted it to you on level 8 of the Dungeon)
  6450 | D:8      | Received a gift from Kikubaaqudgha
  6459 | D:8      | Killed Pikel
  6459 | D:8      | Reached XP level 10. HP: 83/83 MP: 16/16
  6468 | D:8      | Learned a level 3 spell: Vampiric Draining
  6490 | D:8      | Found a shimmering altar of Xom.
  6490 | D:8      | Noticed ICC's ghost (novice VSFi)
  6493 | D:8      | Found a runed translucent door.
  6493 | D:8      | Noticed a +6 flail of chaos
  6495 | D:8      | Noticed Maurice
  6536 | D:8      | Killed Maurice
  6702 | D:8      | Found Zokux's Gadget Shoppe.
  6900 | D:8      | Reached skill level 10 in Long Blades
  7053 | D:9      | Reached ** piety under Kikubaaqudgha
  7086 | D:9      | Reached skill level 5 in Necromancy
  7099 | D:9      | Reached skill level 11 in Long Blades
  7242 | D:9      | Found a staircase to the Lair.
  7392 | D:9      | Found a hide-covered altar of Uskayaw.
  7590 | D:10     | Entered Level 10 of the Dungeon
  7744 | D:10     | Reached XP level 11. HP: 28/89 MP: 17/17
  7749 | D:10     | Found a runed translucent gate.
  7749 | D:10     | Found a runed translucent gate.
  7749 | D:10     | Found a runed translucent gate.
  7756 | D:10     | Reached skill level 12 in Long Blades
  7877 | D:10     | Noticed Gall2222's ghost (novice KoEE)
  8086 | D:10     | Found a staircase to the Orcish Mines.
  8118 | D:10     | Reached *** piety under Kikubaaqudgha
  8118 | D:10     | Identified Kikubaaqudgha's Compendium of Evil Rites
                  | (Kikubaaqudgha gifted it to you on level 10 of the Dungeon)
  8118 | D:10     | Received a gift from Kikubaaqudgha
  8125 | D:10     | Learned a level 4 spell: Dispel Undead
  8162 | D:10     | Noticed a skeletal warrior
  8173 | D:10     | Killed a skeletal warrior
  8218 | D:10     | Noticed a skeletal warrior
  8220 | D:10     | Noticed a skeletal warrior
  8220 | D:10     | Noticed a skeletal warrior
  8783 | D:10     | Killed a skeletal warrior
  8981 | D:10     | Killed a skeletal warrior
  8984 | D:10     | Killed a skeletal warrior
  9223 | D:11     | Noticed a five-headed hydra
  9224 | D:11     | Noticed Grum
  9224 | D:11     | Noticed Harold
  9244 | D:11     | Killed a five-headed hydra
  9244 | D:11     | Reached skill level 13 in Long Blades
  9248 | D:11     | Killed Grum
  9277 | D:11     | Killed Harold
  9810 | D:11     | Noticed a two-headed ogre
  9821 | D:11     | Killed a two-headed ogre
 10025 | D:11     | Noticed a two-headed ogre
 10038 | D:11     | Killed a two-headed ogre
 10038 | D:11     | Reached XP level 12. HP: 76/96 MP: 17/18
 10438 | D:11     | Noticed a tengu warrior
 10447 | D:11     | Killed a tengu warrior
 10506 | D:11     | Reached skill level 14 in Long Blades
 10506 | D:11     | Reached **** piety under Kikubaaqudgha
 10678 | Lair:1   | Entered Level 1 of the Lair of Beasts
 10781 | Lair:1   | Reached skill level 1 in Shields
 11366 | Lair:1   | Learned a level 5 spell: Agony
 11599 | Lair:2   | Reached skill level 10 in Ice Magic
 11950 | Lair:2   | Found a staircase to the Shoals.
 11953 | Lair:2   | Noticed an eight-headed hydra
 11962 | Lair:2   | Killed a nine-headed hydra
 12189 | Lair:2   | Noticed a six-headed hydra
 12198 | Lair:2   | Killed a seven-headed hydra
 12862 | Lair:3   | Reached ***** piety under Kikubaaqudgha
 12877 | Lair:3   | Noticed a five-headed hydra
 12904 | Lair:2   | Killed a five-headed hydra
 13189 | Lair:3   | Noticed a seven-headed hydra
 13199 | Lair:3   | Killed an eight-headed hydra
 13378 | Lair:3   | Noticed Sonja
 13743 | Lair:3   | Reached XP level 13. HP: 54/108 MP: 19/19
 14376 | Lair:4   | Found a staircase to the Snake Pit.
 15405 | Lair:5   | Reached skill level 5 in Spellcasting
 16039 | Lair:5   | Reached skill level 10 in Necromancy
 16080 | Lair:5   | Killed Sonja
 16112 | Lair:5   | HP: 5/111 [poisoned by a spriggan]
 16118 | Lair:5   | HP: 5/111 [poisoned by a spriggan]
 16126 | Lair:5   | HP: 5/111 [poisoned by a spriggan]
 16958 | Lair:6   | Entered Level 6 of the Lair of Beasts
 16981 | Lair:6   | Killed Snorg
 17107 | Lair:6   | Reached skill level 5 in Dodging
 17219 | Lair:6   | Reached skill level 10 in Fighting
 18312 | Lair:6   | Gained mutation: You have acidic saliva. [Yellow Draconian
                  | growth]
 18312 | Lair:6   | Reached XP level 14. HP: 72/121 MP: 9/24
 19230 | Lair:6   | Reached skill level 5 in Shields
 20227 | Lair:6   | Found a staircase to the Slime Pits.
 20542 | Lair:6   | Learned a level 6 spell: Simulacrum
 20799 | Orc:1    | Entered Level 1 of the Orcish Mines
 20906 | Orc:1    | Found a roughly hewn altar of Beogh.
 21205 | Orc:2    | Entered Level 2 of the Orcish Mines
 21205 | Orc:2    | Found a staircase to the Elven Halls.
 21292 | Orc:2    | Noticed Jorgrun
 21667 | Orc:2    | Killed Jorgrun
 22005 | Orc:2    | Found Vuiniocsyd's General Store.
 22296 | Orc:2    | Noticed an orc warlord
 22328 | Orc:1    | Killed an orc warlord
 22641 | Orc:2    | Bought a scroll of identify for 22 gold pieces
 22641 | Orc:2    | Bought a potion of heal wounds for 55 gold pieces
 22642 | Orc:2    | Bought 2 scrolls of identify for 44 gold pieces
 22889 | Orc:2    | Found Uplotorgh's Antique Armour Boutique.
 22903 | Orc:2    | Paralysed by an orc sorcerer for 2 turns
 23170 | Orc:2    | Noticed a stone giant
 23185 | Orc:2    | Killed a stone giant
 23233 | Orc:2    | Found Odutuilu's Antique Weapon Boutique.
 23640 | Orc:2    | Found Xaqeps's Book Emporium.
 23648 | Orc:2    | Bought a book of Minor Magic for 300 gold pieces
 23651 | Orc:2    | Learned a level 2 spell: Blink
 23687 | Orc:2    | Bought a shimmering scimitar for 189 gold pieces
 23687 | Orc:2    | Bought a bloodstained scimitar for 189 gold pieces
 23687 | Orc:2    | Identified the cursed +1 scimitar of Infection {flame,
                  | rPois Int+2} (You bought it in a shop on level 2 of the
                  | Orcish Mines)
 23689 | Orc:2    | Identified the cursed +3 scimitar "Haddiod" {pain, +Rage
                  | rN+ MR- Dex+2} (You bought it in a shop on level 2 of the
                  | Orcish Mines)
 24019 | Orc:2    | Bought a wand of acid (10) for 308 gold pieces
 24621 | D:12     | Found Yhus's Armour Shop.
 24626 | D:12     | Bought the cursed +0 pair of gloves of Uskayaw's Hope
                  | {Str+2 SInv} for 236 gold pieces
 24642 | D:12     | Found Uloloz's Gadget Emporium.
 25075 | D:12     | Found Ycaabi's Weapon Shoppe.
 25153 | D:12     | Found Qaicor's Gadget Shop.
 25158 | D:12     | Bought a wand of digging (4) for 288 gold pieces
 25474 | D:12     | Reached skill level 1 in Translocations
 25779 | D:12     | Found Keneugutz's Food Boutique.
 26041 | D:13     | Reached ****** piety under Kikubaaqudgha
 26147 | D:13     | Reached XP level 15. HP: 66/126 MP: 23/26
 26715 | D:14     | Found a gate to the Vaults.
 27022 | D:14     | Noticed Azrael
 27204 | D:14     | Killed Azrael
 28499 | D:15     | Entered Level 15 of the Dungeon
 28852 | D:15     | HP: 5/126 [acid (6)]
 29344 | D:15     | Identified the +1 robe "Adyluh" {rPois}
 29646 | D:15     | Identified a scroll of acquirement
 29646 | D:15     | Identified the ring of Ybeedeb {rElec Int+4} (You acquired
                  | it on level 15 of the Dungeon)
 29809 | D:15     | Found a staircase to the Depths.
 29821 | D:15     | HP: 5/126 [dire elephant (28)]
 29821 | D:15     | Slain by a dire elephant

Levels and vault maps discovered:
D:1:      shiori_arrival_whats_in_store_for_you, layout_basic,
          minmay_nonomino_d4
D:2:      layout_basic, marbit_many_paths, bloody_trog,
          kennysheep_generic_room_15, uniq_natasha
D:3:      layout_rooms, nicolae_overflow_crystal_walls,
          lemuel_coloured_pillars_altar
D:4:      old_forge, layout_gridville, elyvilon_altar_3, gammafunk_ghost_grave
D:5:      layout_basic, yredelemnul_forgotten_temple_becter, vehumet_statue,
          first_ration
D:6:      corexii_shack_village, layout_rooms, amethyst_overflow_temple_binary,
          chequers_decorated_corner, minmay_misc_feat_chi
D:7:      layout_basic, minmay_temple_entry_junction, grunt_livestock,
          corexii_checkpoint_a, nicolae_dithmenos_through_a_glass_darkly
D:8:      layout_rooms, serial_shops, shop, ebering_ghost_xom, uniq_maurice,
          uniq_pikel
D:9:      layout_cross, lemuel_round_altar, due_lair_maze_entry_diamond,
          chequers_serial_rivers_large_a
D:10:     layout_basic, orc_0_dummy, ebering_ghost_rock_garden, minmay_between
D:11:     layout_roguey, uniq_harold, uniq_grum
D:12:     layout_roguey, serial_shops, shop, kennysheep_mini_moat,
          kennysheep_little_box, shop, shop
D:13:     layout_rooms
D:14:     layout_gridville, skrybe_vaults_entry_preservation, uniq_azrael
D:15:     hangedman_depths_entry_try_elsewhere_first, layout_basic,
          minmay_misc_feat_alley, minmay_alternating_orb
Temple:   minmay_temple_bridge_abc
Lair:1:   layout_roguey, special_room [special_room_bee]
Lair:2:   layout_layer_cave, shoals_dummy_entry
Lair:3:   layout_misc_corridors, enter_volcano_2, minmay_holes, uniq_sonja
Lair:4:   layout_cave_pods, dummy_snake_entry
Lair:5:   layout_small_grid, cheibrodos_lair_caveside_slide, forest_entry_grove,
          serial_bayou_shore_b
Lair:6:   evilmike_catoblepas_cave, layout_cave_pods,
          minmay_slime_entry_oklob_enclosed, uniq_snorg
Orc:1:    nicolae_orc_accident_1, layout_caves, basic_altar
Orc:2:    grunt_orc_gardens, layout_diamond_mine, grunt_orc_garden,
          grunt_orc_garden, grunt_orc_garden, grunt_orc_garden, uniq_jorgrun

Skill      XL: |  1  2  3  4  5  6  7  8  9 10 11 12 13 14 15 |
---------------+----------------------------------------------+-----
Dodging        | 2 3 6 7 8 |  8.0
Spellcasting   | 3 4 6 7 8 |  8.0
Ice Magic      | 5 7 8 9 10 11 | 11.0
Long Blades    | 2 6 9 11 13 14 | 14.0
Fighting       | 2 5 6 8 10 | 10.0
Charms         | 1 |  1.0
Summonings     | 3 |  3.1
Necromancy     | 3 5 7 9 10 12 | 12.9
Shields        | 4 7 9 |  9.0
Translocations | 1 3 |  3.0
Stealth        | |  1.7

Action                   |  1- 3 |  4- 6 |  7- 9 | 10-12 | 13-15 || total
-------------------------+-------+-------+-------+-------+-------++-------
Melee: Unarmed           |     5 |       |       |       |       ||     5
       Whip              |    17 |       |       |       |       ||    17
       Dagger            |    15 |    61 |     2 |       |       ||    78
       Tailslap          |     5 |     7 |    22 |    48 |   135 ||   217
       Falchion          |       |       |   164 |   445 |   536 ||  1145
       Scimitar          |       |       |       |       |   373 ||   373
       Bite              |       |       |       |       |    70 ||    70
Throw: Dart              |       |       |     2 |     1 |       ||     3
 Cast: Freeze            |    31 |     8 |     5 |       |       ||    44
       Frozen Ramparts   |     5 |    24 |    51 |    80 |   117 ||   277
       Summon Ice Beast  |       |       |       |    25 |    87 ||   112
       Ozocubu's Armour  |       |       |       |     1 |       ||     1
       Dispel Undead     |       |       |       |    12 |     2 ||    14
       Vampiric Draining |       |       |       |    20 |       ||    20
       Agony             |       |       |       |    10 |    13 ||    23
       Simulacrum        |       |       |       |       |    12 ||    12
       Blink             |       |       |       |       |     3 ||     3
Invok: Receive Corpses   |       |       |       |       |     1 ||     1
 Abil: Breathe Acid      |       |       |       |     5 |     2 ||     7
Evoke: Wand              |       |       |       |     2 |    21 ||    23
  Use: Scroll            |       |     8 |     9 |    11 |    19 ||    47
       Potion            |       |       |       |       |     6 ||     6
 Stab: Sleeping          |     2 |     1 |     3 |     2 |     1 ||     9
       Distracted        |       |       |       |       |     1 ||     1
       Invisible         |       |       |       |       |     1 ||     1
  Eat: Chunk             |     1 |     8 |    17 |    25 |    50 ||   101
       Ration            |       |       |       |     5 |     8 ||    13
Armor: Skin              |    16 |    26 |    41 |   116 |   147 ||   346
Dodge: Dodged            |    42 |    54 |   143 |   355 |   477 ||  1071
Block: Buckler           |       |       |       |       |   209 ||   209
       Reflection        |       |       |       |       |    19 ||    19
       Rpst.: Falchion   |       |       |    44 |    88 |    70 ||   202
       Scimitar          |       |       |       |       |    39 ||    39

Table legend:
 A = Non-vault XP
 B = Vault XP
 C = Vault XP percentage of total XP
 D = Non-vault monster count
 E = Vault monster count
 F = Vault count percentage of total count
                 A         B        C        D         E       F
            +---------+---------+-------+---------+---------+-------
      Total |   84668 |   44294 |  34.3 |     511 |     160 |  23.8
            +---------+---------+-------+---------+---------+-------
        D:1 |      37 |       6 |  14.0 |      23 |       5 |  17.9
        D:2 |     127 |      36 |  22.1 |      21 |       2 |   8.7
        D:3 |     171 |       0 |   0.0 |      21 |       0 |   0.0
        D:4 |     682 |     378 |  35.7 |      29 |       8 |  21.6
        D:5 |     322 |       1 |   0.3 |      14 |       1 |   6.7
        D:6 |     825 |      17 |   2.0 |      22 |       9 |  29.0
        D:7 |    1198 |     978 |  44.9 |      24 |       7 |  22.6
        D:8 |    1526 |    1166 |  43.3 |      25 |       2 |   7.4
        D:9 |    2088 |    1180 |  36.1 |      32 |      10 |  23.8
       D:10 |    4715 |     405 |   7.9 |      18 |       4 |  18.2
       D:11 |    8183 |    1083 |  11.7 |      40 |       4 |   9.1
       D:12 |    4654 |       0 |   0.0 |      16 |       0 |   0.0
       D:13 |    8229 |       0 |   0.0 |      28 |       0 |   0.0
       D:14 |    6298 |    6234 |  49.7 |      27 |      15 |  35.7
       D:15 |    6305 |    5913 |  48.4 |      14 |      13 |  48.1
     Lair:1 |    1175 |    1141 |  49.3 |       8 |      15 |  65.2
     Lair:2 |    6573 |       0 |   0.0 |      25 |       0 |   0.0
     Lair:3 |    4088 |       0 |   0.0 |      15 |       0 |   0.0
     Lair:4 |    4285 |       0 |   0.0 |      17 |       0 |   0.0
     Lair:5 |    6403 |    1813 |  22.1 |      25 |       8 |  24.2
     Lair:6 |   11589 |   12170 |  51.2 |      39 |      26 |  40.0
      Orc:1 |    1280 |    3775 |  74.7 |      12 |       8 |  40.0
      Orc:2 |    3915 |    7998 |  67.1 |      16 |      23 |  59.0
            +---------+---------+-------+---------+---------+-------
